 Dungeon Crawl Stone Soup version 0.31-a0-981-geadf994542 (webtiles) character file.

Game seed: 16162817988709059142

4 Whiskey the Changeling (level 1, -1/13 HPs)
             Began as an Octopode Shapeshifter on Nov 2, 2023.
             Slain by a ball python (2 damage)
             ... on level 1 of the Dungeon.
             The game lasted 00:00:23 (139 turns).

Whiskey the Changeling (Octopode Shapeshifter)       Turns: 139, Time: 00:00:23

Health: -1/13      AC:  1    Str: 13    XL:     1   Next: 70%
Magic:  1/1        EV: 13    Int: 12    God:
Gold:   14         SH:  0    Dex: 11    Spells: 0/0 levels left

rFire   . .          .
                       - Unarmed
rCold   . . .        (no shield)
rNeg    . . .        (helmet currently unavailable)
rPois   .            (no amulet)
rElec   .            (no ring)
rCorr   .            (no ring)
SInv    .            (no ring)
Will    .....        (no ring)
Stlth   ++           (no ring)
HPRegen 0.22/turn    (no ring)
MPRegen 0.07/turn    (no ring)
                     (no ring)

%: no passive effects
@: beast-form
A: beast (slay +1), almost no armour, amphibious, 8 rings, camouflage 1,
gelatinous body 1, (nimble swimmer 1), tentacles
a: Begin Untransformation


You were on level 1 of the Dungeon.
You were a hulking beast.
You visited 1 branch of the dungeon, and saw 1 of its levels.

You collected 14 gold pieces.

Inventory:

Talismans
 b - a beast talisman
 c - a flux talisman
Scrolls
 f - a scroll of noise {unknown}
Potions
 a - a potion of lignification {!q}
 d - a potion of degeneration {unknown}
 e - a potion of attraction {unknown}


   Skills:
 + Level 1.2 Fighting
 - Level 2.0 Dodging
 - Level 3.0 Unarmed Combat
 * Level 3.1 Shapeshifting


You couldn't memorise any spells.
You didn't know any spells.
Your spell library was empty.

Dungeon Overview and Level Annotations

Branches:
Dungeon (1/15)

Altars:


Innate Abilities, Weirdness & Mutations

You are a hulking beast.
Your limbs bulge with bestial killing power. (Slay +1)
You cannot wear most types of armour.
You are amphibious.
You can wear up to eight rings at the same time.
Your skin changes colour to match your surroundings (Stealth+).
Your rubbery body absorbs attacks. (AC +1, EV +1)
((You are camouflaged when in or above water. (Stealth+)))
You have tentacles for arms and can constrict up to eight enemies at once.


Message History

No target in view!
No target in view!
A kobold comes into view. It is wielding a +0 dagger.
The kobold shouts!
The kobold throws a stone.
The stone closely misses you.
Health restored: 13 The kobold closely misses you.
You tentacle-slap the kobold.
You kill the kobold!
No target in view!
No target in view!
No target in view!
No target in view!
No target in view!
No target in view!
No target in view!
No target in view!
No target in view!
No target in view!
No target in view!
No target in view!
Things that are here:
a +0 dagger; 4 stones; a kobold corpse
f - a scroll labelled SULLEH XIZXI A kobold comes into view.
It is wielding a +0 whip.
The kobold shouts!
The kobold closely misses you.
You tentacle-slap the kobold. Your grab misses the kobold.
Your squeeze misses the kobold.
Something bites the plant.
The plant begins to die.
Something grabs the plant.
The plant is constricted.
The kobold closely misses you.
Something loses its grip on the plant.
You tentacle-slap the kobold.
You kill the kobold!
No target in view!
No target in view!
No target in view!
No target in view!
No target in view!
No target in view!
No target in view!
No target in view!
No target in view!
The ball python hisses angrily.
Something bites the plant.
The plant begins to die.
Something grabs the plant.
The plant is constricted.
Something bites the plant.
The plant is constricted.
Something bites the plant.
The plant is constricted.
Something bites the plant.
The plant is constricted.
A kobold comes into view. It is wielding a +0 short sword.
Something bites the plant.
The plant is constricted.
A kobold is nearby!
An endoplasm comes into view.
The endoplasm quivers.
A nearby plant withers and dies.
Something loses its grip on the plant.
An endoplasm comes into view.
The kobold shouts!
The endoplasm quivers.
The endoplasm freezes you.
You are frozen.
You take 3 damage, and have 10/13 hp.
MASSIVE DAMAGE!!
You tentacle-slap the endoplasm. You squeeze the endoplasm.
You kill the endoplasm!
You closely miss the kobold. Your grab misses the kobold.
The kobold hits you with a +0 short sword.
You take 3 damage, and have 7/13 hp.
MASSIVE DAMAGE!!
You tentacle-slap the kobold but do no damage.
Your grab misses the kobold.
The kobold hits you with a +0 short sword.
You take 3 damage, and have 4/13 hp.
MASSIVE DAMAGE!!
You are too injured to fight recklessly!
You are too injured to fight recklessly!
You are too injured to fight recklessly!
You are too injured to fight recklessly!
You are too injured to fight recklessly!
You are too injured to fight recklessly!
You are too injured to fight recklessly!
You are too injured to fight recklessly!
You are too injured to fight recklessly!
You are too injured to fight recklessly!
You are too injured to fight recklessly!
You are too injured to fight recklessly!
You are too injured to fight recklessly!
You are too injured to fight recklessly!
You are too injured to fight recklessly!
You are too injured to fight recklessly!
You are too injured to fight recklessly!
You are too injured to fight recklessly!
There are monsters nearby!
You tentacle-slap the kobold.
You kill the kobold!
The endoplasm attacks as it pursues you!
The endoplasm hits you.
* * * LOW HITPOINT WARNING * * *
Things that are here:
a +0 short sword; 4 stones You take 3 damage, and have 1/13 hp.
MASSIVE DAMAGE!!
You tentacle-slap the endoplasm. You squeeze the endoplasm.
You kill the endoplasm!
The ball python bites you.
You die...

. .. P# .# # .... .. ...
..# ...# ##P###S###..#
...# .........#..# ...#
..........# ...#
#).....#.# ...#
#.#...#.#####...####
.####..........Sh.......
......#.................
.###..........$.........
#.......####.#....###
#.......# #.......#
####.......# #.#.....#
..##....#### #.#.....#
..####)## ........#
#.####.# #.# ..#.#


You could see a ball python.

Vanquished Creatures
  2 endoplasms (D:1)
  A quokka (D:1)
  3 kobolds (D:1)
6 creatures vanquished.

Notes
Turn   | Place    | Note
-------+----------+-------------------------------------------
     0 | D:1      | Whiskey the Octopode Shapeshifter began the quest for the
                  | Orb.
     0 | D:1      | Reached XP level 1. HP: 13/13 MP: 1/1
   138 | D:1      | HP: 1/13 [endoplasm (3)]
   139 | D:1      | Slain by a ball python

Illustrated notes

Levels and vault maps discovered:
D:1:      heliophobic_arrival_battle_scene, layout_loops_cross,
          shapermc_ecumenical_altar_mp_urbaneastern, amethyst_killhole,
          feat_on_display

Action                     || total
---------------------------++-------
  Melee: Unarmed           ||    10
         Tentacles         ||     2
         Constrict         ||     1
 Armour: Skin              ||     5
  Dodge: Dodged            ||     5

Table legend: (Time is in decaauts)
 A = Elapsed time spent in this place.
 B = Non-inter-level travel time spent in this place.
 C = Inter-level travel time spent in this place.
 D = Time resting spent in this place.
 E = Time spent auto-exploring this place.
 F = Levels seen in this place.
 G = Mean time per level.
                   A        B        C        D        E       F      G
               +--------+--------+--------+--------+--------+-----+--------+
         Total |    138 |    138 |      0 |      0 |    112 |   1 |  138.0 |
       Dungeon |    138 |    138 |      0 |      0 |    112 |   1 |  138.0 |
               +--------+--------+--------+--------+--------+-----+--------+

Top non-repeatable levels by time:
     D:1: 138 daAuts

Levels and vault maps discovered:
D:1:      heliophobic_arrival_battle_scene, layout_loops_cross,
          shapermc_ecumenical_altar_mp_urbaneastern, amethyst_killhole,
          feat_on_display

Table legend: (Time is in decaauts)
 A = Elapsed time spent in this place.
 B = Non-inter-level travel time spent in this place.
 C = Inter-level travel time spent in this place.
 D = Time resting spent in this place.
 E = Time spent auto-exploring this place.
 F = Levels seen in this place.
 G = Mean time per level.
                   A        B        C        D        E       F      G
               +--------+--------+--------+--------+--------+-----+--------+
         Total |    138 |    138 |      0 |      0 |    112 |   1 |  138.0 |
       Dungeon |    138 |    138 |      0 |      0 |    112 |   1 |  138.0 |
               +--------+--------+--------+--------+--------+-----+--------+

Top non-repeatable levels by time:
     D:1: 138 daAuts

Table legend:
 A = Kills in this place as a percentage of kills in the entire game.
 B = Kills by you in this place as a percentage of kills by you in the entire game.
 C = Kills by friends in this place as a percentage of kills by friends in the entire game.
 D = Other kills in this place as a percentage of other kills in the entire game.
 E = Experience gained in this place as a percentage of experience gained in the entire game.
 F = Experience gained in this place divided by the number of levels of this place that you have seen.
                   A       B       C       D       E      F
               +-------+-------+-------+-------+-------+----------------------
         Total | 100.0 | 100.0 |   N/A |   N/A | 100.0 |   9.0
       Dungeon | 100.0 | 100.0 |   N/A |   N/A | 100.0 |   9.0
               +-------+-------+-------+-------+-------+----------------------
